 Dungeon Crawl Stone Soup version 0.24-a0-176-gc3651c4 (webtiles) character file.

Game seed: 9698523639165925218

88 Gunnerkreig the Magician (level 4, -5/33 HPs)
             Began as a Draconian Wizard on Mar 12, 2019.
             Killed from afar by Sigmund (7 damage)
             ... with a puff of flame
             ... on level 2 of the Dungeon.
             The game lasted 00:05:10 (2357 turns).

Gunnerkreig the Magician (Draconian Wizard)         Turns: 2357, Time: 00:05:11

Health: -5/33      AC:  5    Str:  9    XL:     4   Next: 29%
Magic:  4/9        EV: 12    Int: 20    God:
Gold:   86         SH:  0    Dex:  9    Spells: 9/10 levels left

rFire    . . .     SeeInvis .   v - +0 dagger (venom)
rCold    . . .     Gourm    .   (no shield)
rNeg     . . .     Faith    .   (armour unavailable)
rPois    .         Spirit   .   a - +0 hat
rElec    .         Reflect  .   (no cloak)
rCorr    .         Harm     .   (no gloves)
MR       .....                  (no boots)
Stlth    ++........             (no amulet)
HPRegen  0.11/turn              (no ring)
MPRegen  0.11/turn              (no ring)

@: no status effects
A: unfitting armour, cold-blooded, AC +5
a: no special abilities


You were on level 2 of the Dungeon.
You were not hungry.

You visited 1 branch of the dungeon, and saw 2 of its levels.

You collected 86 gold pieces.

Inventory:

Hand Weapons
 f - a +0 hunting sling
 t - a +0 spear
 v - a +0 dagger of venom (weapon)
Missiles
 m - 44 stones (quivered)
 w - a throwing net
Armour
 a - a +0 hat (worn)
Scrolls
 b - 2 scrolls of noise {unknown}
 e - a scroll of teleportation {unknown}
 g - a scroll of enchant armour {unknown}
 h - 2 scrolls of identify {unknown}
 j - a scroll of amnesia {unknown}
 q - a scroll of fog {unknown}
 r - a scroll of random uselessness {unknown}
 s - a scroll of remove curse {unknown}
Potions
 d - a potion of haste {unknown}
 i - a potion of brilliance {unknown}
 k - a potion of agility {unknown}
 l - a potion of curing {unknown}
 n - 2 potions of degeneration {unknown}
 o - a potion of heal wounds {unknown}
 p - a potion of might {unknown}
Comestibles
 c - 2 rations


   Skills:
 - Level 1.7 Dodging
 - Level 1.7 Stealth
 + Level 3.7 Spellcasting
 * Level 3.4 Conjurations
   Level 1.0 Summonings
   Level 1.0 Translocations


You had 9 spell levels left.
You knew the following spells:

 Your Spells              Type           Power        Failure   Level  Hunger
a - Magic Dart            Conj           ###.         3%          1    None

Your spell library contained the following spells:

 Spells                   Type           Power        Failure   Level  Hunger
 Blink                    Tloc           N/A          13%         2    ##.....
 Call Imp                 Summ           #.......     13%         2    ##.....
 Slow                     Hex            #.......     21%         2    ##.....
 Conjure Flame            Conj/Fire      ##......     21%         3    ###....
 Mephitic Cloud           Conj/Pois/Air  #.......     24%         3    ###....


Dungeon Overview and Level Annotations

Branches:
Dungeon (2/15)

Altars:
Fedhas

Annotations:
D:2 Sigmund


Innate Abilities, Weirdness & Mutations

Your plain brown scales are hard. (AC +5)
You cannot fit into any form of body armour.
You are cold-blooded and may be slowed by cold attacks.


Message History

Press: ? - help, Shift-Dir - straight line, f/p - hobgoblin
Aim: a hobgoblin, wielding a +0 club The magic dart hits something.
You hear some strange, mumbled words.
A puff of flame appears from out of thin air!
The puff of flame hits you but does no damage.
Casting: Magic Dart (safe; 3% risk of failure)
Confirm with . or Enter, or press ? or * to list all spells.
Aiming: Magic Dart (safe; 3% risk of failure)
Press: ? - help, Shift-Dir - straight line, f/p - hobgoblin
Aim: a hobgoblin, wielding a +0 club The magic dart hits something.
Something hits you. Something hits you!
* * * LOW HITPOINT WARNING * * *
A puff of flame appears from out of thin air!
The puff of flame hits you!
* * * LOW HITPOINT WARNING * * *
A puff of flame appears from out of thin air!
The puff of flame hits you!
You die...

..รท.###.## #.# ##...##
.........###### #.# ###.#
...####.......#### #.# #.#
...###..#####....###.# #.#
##..##..# ####.....### #.##
##..#..#### #####...#######..#
##.......# #####.#.......##.#
##..#.#.# #....>.....##.....
###..##.#. ####@.........####.#.
#...##..[.##.............###>...
#.####...(...##..........##.....
##.# #...#..###..........#....(.
#..# ## ##.# ############......
..### #.## #...... #...## #..##
##..... #.#..### ##..# ##...#
#.##...# ##K########## #####


There were no monsters in sight!

Vanquished Creatures
  5 adders
  An ooze (D:1)
  A worm (D:2)
  A dart slug (D:2)
  A leopard gecko (D:1)
  An orc (D:2)
  A giant cockroach (D:1)
  4 hobgoblins (D:1)
  A ball python (D:1)
  4 frilled lizards
  6 goblins
  6 kobolds
  5 rats
37 creatures vanquished.

Notes
Turn   | Place    | Note
-------+----------+-------------------------------------------
     0 | D:1      | Gunnerkreig the Draconian Wizard began the quest for the
                  | Orb.
     0 | D:1      | Reached XP level 1. HP: 14/14 MP: 4/4
   417 | D:1      | Reached XP level 2. HP: 16/20 MP: 0/6
  1214 | D:1      | Reached XP level 3. HP: 17/26 MP: 0/7
  1778 | D:2      | Found a blossoming altar of Fedhas.
  1873 | D:2      | Reached XP level 4. HP: 33/33 MP: 5/9
  2206 | D:2      | Noticed Sigmund
  2357 | D:2      | Killed from afar by Sigmund

Levels and vault maps discovered:
D:1:      lightli_arrival_chessboard, layout_basic, minmay_unequal
D:2:      layout_rooms, fedhas_ov_isle_minmay, uniq_sigmund

Skill      XL: |  1  2  3 |
---------------+----------+-----
Conjurations   | 2 3 |  3.4
Dodging        | |  1.7
Stealth        | |  1.7
Spellcasting   | |  3.7
Summonings     | |  1.0
Translocations | |  1.0

Action                   |  1- 3 |  4- 6 || total
-------------------------+-------+-------++-------
Melee: Unarmed           |    64 |       ||    64
       Tailslap          |     5 |       ||     5
       Spear             |       |     4 ||     4
       Dagger            |       |     1 ||     1
 Cast: Magic Dart        |    80 |    24 ||   104
  Eat: Chunk             |     2 |     2 ||     4
Armor: Skin              |    17 |     4 ||    21
Dodge: Dodged            |    41 |     4 ||    45

Table legend:
 A = Non-vault XP
 B = Vault XP
 C = Vault XP percentage of total XP
 D = Non-vault monster count
 E = Vault monster count
 F = Vault count percentage of total count
                 A         B        C        D         E       F
            +---------+---------+-------+---------+---------+-------
      Total |     112 |      14 |  11.1 |      32 |       5 |  13.5
            +---------+---------+-------+---------+---------+-------
        D:1 |      35 |      14 |  28.6 |      15 |       5 |  25.0
        D:2 |      77 |       0 |   0.0 |      17 |       0 |   0.0
            +---------+---------+-------+---------+---------+-------
